 Dungeon Crawl Stone Soup version 0.29.0-4-gdea44cf6ec (webtiles) character file.

Game seed: 1828441840668338919

13358 qw the Brawler (level 11, -5/109 HPs)
             Began as a Troll Cinder Acolyte on Sept 1, 2022.
             Was an Initiate of Ignis.
             Killed from afar by an oklob plant (19 damage)
             ... with a splash of acid
             ... on level 2 of the Lair of Beasts.
             The game lasted 00:04:51 (8676 turns).

qw the Brawler (Troll Cinder Acolyte)               Turns: 8676, Time: 00:04:52

Health: -5/109     AC: -4    Str: 28    XL:     11   Next: 74%
Magic:  11/11      EV:  9    Int: 10    God:    Ignis [......]
Gold:   422        SH:  0    Dex:  5    Spells: 12/12 levels left

rFire   + . .      SeeInvis .     - Unarmed
rCold   . . .      Faith    .   (no shield)
rNeg    + . .      Spirit   .   q - +0 robe {rN+}
rPois   .          Reflect  .   (helmet restricted)
rElec   .          Harm     .   p - scarf {repulsion}
rCorr   .          Rampage  .   (gloves unavailable)
Will    .....                   (boots unavailable)
Stlth   +.........              c - amulet of regeneration
HPRegen 1.88/turn               (no ring)
MPRegen 0.12/turn               (no ring)

@: corroded, repel missiles
A: large, unfitting armour, claws 3, regeneration 1, shaggy fur 1, tough skin 1
a: Renounce Religion, Rising Flame


You were on level 2 of the Lair of Beasts.
You worshipped Ignis.
Ignis was noncommittal.
You visited 2 branches of the dungeon, and saw 10 of its levels.

You collected 657 gold pieces.
You spent 235 gold pieces at shops.


Innate Abilities, Weirdness & Mutations

You are too large for most types of armour.
You have claws for hands.
Your natural rate of healing is unusually fast.
You are covered in fur. (AC +1)
You have tough skin. (AC +1)


   Skills:
 - Level 7.1 Fighting
 - Level 2.3 Throwing
 - Level 2.0 Dodging
 + Level 16.8 Unarmed Combat
 - Level 1.0 Spellcasting
 - Level 2.1 Fire Magic


You had 12 spell levels left.
You didn't know any spells.
Your spell library contained the following spells:

 Spells                   Type           Power      Damage    Failure   Level
 Scorch                   Fire           8%         2d5       22%         2

Inventory:

Missiles
 a - 5 boomerangs (quivered)
Armour
 p - a scarf of repulsion (worn)
 q - a +0 robe of positive energy (worn)
Jewellery
 c - an amulet of regeneration (around neck)
 h - a ring of fire
 n - a ring of fire
Scrolls
 b - a scroll of enchant armour
 g - a scroll of identify
 m - a scroll of enchant weapon
Potions
 d - 3 potions of haste
 i - a potion of cancellation
 k - 5 potions of curing
 s - a potion of magic {unknown}

Dungeon Overview and Level Annotations

Branches:
Dungeon (8/15)             Temple (0/1) D:4            Lair (2/5) D:8
  Swamp (0/4) Lair:2
  Snake: Lair:2-3    Spider: Lair:2-3

Altars:
Cheibriados
Kikubaaqudgha
Qazlal
Ru
Yredelemnul
The Shining One

Shops:
D:6 *   D:8 (

Annotations:
D:2 1 runed translucent door, Crazy Yiuf
D:4 3 runed translucent doors, qw's ghost, amateur TeWr
D:6 2 transporters, qw's ghost, novice TrCA


Message History

The oklob plant spits acid at you.
The splash of acid is repelled.
The oklob plant spits acid at you. The splash of acid misses you.
The oklob plant spits acid at you. The splash of acid misses you.
The oklob plant spits acid at you.
The splash of acid is repelled.
You see here a potion of berserk rage.
The oklob plant spits acid at you.
The splash of acid is repelled.
The oklob plant spits acid at you. The splash of acid hits you!!
The acid corrodes you! The oklob plant spits acid at you.
The splash of acid hits you!! The oklob plant spits acid at you.
The splash of acid hits you!! The acid corrodes you!
8644 ||| DRINKING 2 potions of cancellation.
Your magical effects are unravelling.
You feel magically purged.
You are no longer corroded.
The oklob plant spits acid at you. The splash of acid hits you!!
8646 ||| DRINKING potion of heal wounds.
You feel much better. The oklob plant spits acid at you.
The splash of acid hits you!! The acid corrodes you!
The oklob plant spits acid at you.
The splash of acid is repelled.
The oklob plant spits acid at you. The splash of acid hits you!!!
The acid corrodes you! The oklob plant spits acid at you.
The splash of acid is repelled.
The oklob plant spits acid at you. The splash of acid hits you!!
The acid corrodes you! The oklob plant spits acid at you.
The splash of acid is repelled.
The oklob plant spits acid at you. The splash of acid hits you!!
You die...

.#..##.#..# ###.¤# ##.
..........# #.¤####..
.#####...# ##.#.....
##...## ##.P.####
##.).#.####....##
#.PPP....##.#...###
#!PPP..#.#P......#.
#.PPP.P#.##.P.#....
#.@$..## ##.P.##.#P
##.# ##.#### #.......##
## #... #..# ##......#
#.####.. #..# #
#.##.#P.# ... ...
####..#.# ###..#### #.#
#.###.P#....### ##..#
####.###.#..%.........P
##.##
#P#....#.#P.#.#.......#
#..##
#..........(..##..#...#
#...#


You could see an oklob plant.

Vanquished Creatures
  Erica (D:8)
  A hydra (Lair:2)
  2 two-headed ogres (D:8)
  4 elephants (Lair:1)
  A black mamba (Lair:2)
  4 cane toads
  4 komodo dragons
  4 blink frogs (Lair:2)
  7 yaks (Lair:1)
  A basilisk (Lair:1)
  Eustachio (D:5)
  Menkaure (D:5)
  7 water moccasins
  Edmund (D:5)
  3 orc warriors (D:8)
  A sky beast (D:7)
  3 black bears
  3 ice beasts
  3 wolves (Lair:1)
  4 centaurs
  2 ogres
  A kobold brigand (D:8)
  2 necrophages
  8 bullfrogs
  A gnoll sergeant (D:8)
  3 scorpions
  9 wights
  A killer bee (D:8)
  3 vampire bats (D:6)
  2 hounds
  A jelly (D:3)
  9 orc priests
  A gnoll bouda (D:8)
  2 iguanas (D:5)
  7 orc wizards
  A mummy (D:7)
  6 gnolls
  8 adders
  A shadow imp (D:6)
  2 white imps (D:8)
  4 worms
  2 dart slugs (D:1)
  31 orcs
  3 bat skeletons (D:6)
  2 bat zombies (D:6)
  11 endoplasms
  5 giant cockroaches
  5 goblins
  11 hobgoblins
  5 jackals
  15 kobolds
  4 quokkas
  5 ball pythons
  8 bats
  6 frilled lizards
  A goblin zombie (D:7)
  A kobold zombie (D:7)
  3 rats (D:1)
248 creatures vanquished.

Vanquished Creatures (collateral kills)
  A necrophage (D:8)
1 creature vanquished.

Vanquished Creatures (others)
  An orc wizard (D:8)
  10 fungi
  7 plants
18 creatures vanquished.

Grand Total: 267 creatures vanquished

Notes
Turn   | Place    | Note
-------+----------+-------------------------------------------
     0 | D:1      | qw the Troll Cinder Acolyte began the quest for the Orb.
     0 | D:1      | Reached XP level 1. HP: 22/22 MP: 1/1
     0 | D:1      | 0 ||| qw: Version: 0.1-a-97-g2dd2ca4
     0 | D:1      | 0 ||| qw: Game counter: 4772
     0 | D:1      | 0 ||| qw: Always use a shield: true
     0 | D:1      | 0 ||| qw: God list: Okawaru
     0 | D:1      | 0 ||| qw: Allow faded altars: false
     0 | D:1      | 0 ||| qw: Do Orc after D:15 true
     0 | D:1      | 0 ||| qw: Do second Lair branch before Depths: true
     0 | D:1      | 0 ||| qw: Lair rune preference: random
     0 | D:1      | 0 ||| qw: Plans: Normal
     0 | D:1      | 0 ||| PLANNING D:1-11
    24 | D:1      | 24 ||| Stepping ~*~*~tactically~*~*~ (stealth).
    79 | D:1      | Reached XP level 2. HP: 29/29 MP: 2/2
    84 | D:1      | 84 ||| Stepping ~*~*~tactically~*~*~ (stealth).
   163 | D:1      | 163 ||| Stepping ~*~*~tactically~*~*~ (hiding).
   169 | D:1      | 169 ||| Stepping ~*~*~tactically~*~*~ (stealth).
   194 | D:1      | 194 ||| Stepping ~*~*~tactically~*~*~ (stealth).
   202 | D:1      | Reached skill level 4 in Unarmed Combat
   457 | D:1      | Reached XP level 3. HP: 36/36 MP: 3/3
   621 | D:1      | 621 ||| Stepping ~*~*~tactically~*~*~ (stealth).
   804 | D:1      | 804 ||| READING 2 scrolls labelled KISCHU DASOATUOZA.
   805 | D:1      | 805 ||| READING scroll labelled GUFEIH BUDEEFI.
   806 | D:1      | 806 ||| DROPPING scroll of butterflies.
   860 | D:2      | 860 ||| INVOKING Fiery Armour.
   863 | D:2      | 863 ||| STAIRDANCE
   865 | D:1      | 865 ||| Stepping ~*~*~tactically~*~*~ (outnumbered).
   866 | D:1      | 866 ||| Stepping ~*~*~tactically~*~*~ (outnumbered).
   868 | D:1      | 868 ||| Stepping ~*~*~tactically~*~*~ (outnumbered).
   869 | D:1      | 869 ||| Stepping ~*~*~tactically~*~*~ (outnumbered).
   950 | D:2      | Identified the +7 battleaxe of Wondrous Power {elec, Str+3}
  1025 | D:2      | Reached XP level 4. HP: 41/44 MP: 4/4
  1035 | D:2      | 1035 ||| Stepping ~*~*~tactically~*~*~ (stealth).
  1036 | D:2      | 1036 ||| Stepping ~*~*~tactically~*~*~ (stealth).
  1039 | D:2      | 1039 ||| Stepping ~*~*~tactically~*~*~ (stealth).
  1084 | D:2      | Reached skill level 5 in Unarmed Combat
  1319 | D:2      | Found a runed translucent door.
  1320 | D:2      | Noticed Crazy Yiuf
  1427 | D:2      | 1427 ||| READING 2 scrolls labelled BIRAS BIAFFEEC.
  1428 | D:2      | 1428 ||| READING scroll labelled NACSOZ PEGEFE.
  1429 | D:2      | 1429 ||| READING 2 scrolls labelled LOORIOCAFUI.
  1430 | D:2      | 1430 ||| DROPPING scroll of magic mapping.
  1481 | D:3      | Reached XP level 5. HP: 40/50 MP: 5/5
  1649 | D:3      | Found a faded altar of an unknown god.
  1662 | D:3      | 1662 ||| Stepping ~*~*~tactically~*~*~ (stealth).
  1665 | D:3      | 1665 ||| Stepping ~*~*~tactically~*~*~ (stealth).
  1674 | D:3      | 1674 ||| Stepping ~*~*~tactically~*~*~ (outnumbered).
  1676 | D:3      | 1676 ||| Stepping ~*~*~tactically~*~*~ (outnumbered).
  1709 | D:3      | 1709 ||| INVOKING Fiery Armour.
  1717 | D:3      | Reached skill level 6 in Unarmed Combat
  1869 | D:3      | 1869 ||| Stepping ~*~*~tactically~*~*~ (hiding).
  1870 | D:3      | 1870 ||| Stepping ~*~*~tactically~*~*~ (hiding).
  2091 | D:3      | 2091 ||| UPGRADING to amulet of regeneration.
  2096 | D:3      | 2096 ||| DROPPING ring of flight.
  2097 | D:3      | 2097 ||| READING 2 scrolls labelled TAIMPE WASATWI.
  2100 | D:3      | 2100 ||| READING scroll labelled WELAATRAITT.
  2101 | D:3      | 2101 ||| READING scroll labelled PIUPLINOXU.
  2102 | D:3      | 2102 ||| DRINKING 2 fuming amethyst potions.
  2103 | D:3      | 2103 ||| READING 2 scrolls of identify.
  2103 | D:3      | 2103 ||| IDENTIFYING green potion
  2104 | D:3      | 2104 ||| DROPPING potion of attraction.
  2204 | D:4      | 2204 ||| Stepping ~*~*~tactically~*~*~ (hiding).
  2210 | D:4      | 2210 ||| INVOKING Fiery Armour.
  2212 | D:4      | 2212 ||| Stepping ~*~*~tactically~*~*~ (hiding).
  2216 | D:4      | Reached XP level 6. HP: 59/59 MP: 6/6
  2218 | D:4      | Reached skill level 7 in Unarmed Combat
  2304 | D:4      | Found a runed translucent gate.
  2304 | D:4      | Found a runed translucent gate.
  2304 | D:4      | Found a runed translucent gate.
  2311 | D:4      | Noticed qw's ghost (amateur TeWr)
  2413 | D:4      | Reached skill level 8 in Unarmed Combat
  2413 | D:4      | Reached XP level 7. HP: 54/66 MP: 7/7
  2721 | D:4      | Found a staircase to the Ecumenical Temple.
  2847 | D:4      | Reached skill level 3 in Fighting
  2916 | D:4      | 2916 ||| READING scroll labelled TEBRAA BORIWEI.
  2970 | D:5      | Entered Level 5 of the Dungeon
  3008 | D:5      | Noticed Edmund
  3016 | D:5      | 3016 ||| Stepping ~*~*~tactically~*~*~ (outnumbered).
  3026 | D:5      | 3026 ||| Stepping ~*~*~tactically~*~*~ (stealth).
  3032 | D:5      | Killed Edmund
  3067 | D:5      | 3067 ||| Stepping ~*~*~tactically~*~*~ (stealth).
  3200 | D:5      | Noticed Eustachio
  3208 | D:5      | 3208 ||| INVOKING Fiery Armour.
  3225 | D:5      | Killed Eustachio
  3226 | D:5      | Reached skill level 9 in Unarmed Combat
  3256 | D:5      | Reached skill level 1 in Dodging
  3256 | D:5      | Reached XP level 8. HP: 58/75 MP: 8/8
  3291 | D:5      | Noticed Menkaure
  3293 | D:5      | Killed Menkaure
  3424 | D:5      | 3424 ||| Stepping ~*~*~tactically~*~*~ (stealth).
  3425 | D:5      | 3425 ||| Stepping ~*~*~tactically~*~*~ (stealth).
  3569 | D:5      | Reached skill level 10 in Unarmed Combat
  3654 | D:5      | 3654 ||| Stepping ~*~*~tactically~*~*~ (hiding).
  3852 | D:5      | Identified the +7 long sword of Famine {speed, rPois}
  3988 | D:5      | 3988 ||| DRINKING 2 fizzy golden potions.
  3989 | D:5      | 3989 ||| DRINKING 3 inky potions.
  4167 | D:6      | Found Aquydgh's Hallowed Reliquary.
  4172 | D:6      | Found a stormy altar of Qazlal.
  4182 | D:6      | Noticed an angel
  4193 | D:6      | 4193 ||| BUYING +0 robe of positive energy (70 gold).
  4193 | D:6      | Bought a +0 robe of positive energy for 70 gold pieces
  4193 | D:6      | 4193 ||| BUYING potion of curing (45 gold).
  4193 | D:6      | Bought a potion of curing for 45 gold pieces
  4193 | D:6      | 4193 ||| BUYING potion of curing (45 gold).
  4193 | D:6      | Bought a potion of curing for 45 gold pieces
  4193 | D:6      | 4193 ||| BUYING potion of heal wounds (75 gold).
  4193 | D:6      | Bought a potion of heal wounds for 75 gold pieces
  4193 | D:6      | 4193 ||| SHOPLISTING ring of positive energy (300 gold,
                  | have 107).
  4214 | D:6      | 4214 ||| Stepping ~*~*~tactically~*~*~ (stealth).
  4215 | D:6      | 4215 ||| Stepping ~*~*~tactically~*~*~ (hiding).
  4223 | D:6      | 4223 ||| Stepping ~*~*~tactically~*~*~ (stealth).
  4240 | D:6      | 4240 ||| INVOKING Fiery Armour.
  4279 | D:6      | Found a glowing golden altar of the Shining One.
  4437 | D:6      | Noticed qw's ghost (novice TrCA)
  4439 | D:6      | Noticed a green ugly thing
  4440 | D:6      | Found a transporter.
  4451 | D:6      | Found a transporter.
  4512 | D:6      | 4512 ||| Stepping ~*~*~tactically~*~*~ (hiding).
  4513 | D:6      | 4513 ||| Stepping ~*~*~tactically~*~*~ (hiding).
  4532 | D:6      | 4532 ||| Stepping ~*~*~tactically~*~*~ (outnumbered).
  4535 | D:6      | 4535 ||| INVOKING Fiery Armour.
  4539 | D:6      | HP: 16/70 [wight/+0 spear (9)]
  4540 | D:6      | 4540 ||| READING 3 scrolls of teleportation.
  4541 | D:6      | 4541 ||| DRINKING 3 potions of heal wounds.
  4636 | D:6      | Found an ancient bone altar of Kikubaaqudgha.
  4639 | D:6      | Reached skill level 11 in Unarmed Combat
  4775 | D:6      | 4775 ||| Stepping ~*~*~tactically~*~*~ (hiding).
  4779 | D:6      | Reached XP level 9. HP: 81/83 MP: 9/9
  4887 | D:6      | 4887 ||| Stepping ~*~*~tactically~*~*~ (stealth).
  4888 | D:6      | 4888 ||| Stepping ~*~*~tactically~*~*~ (stealth).
  4890 | D:6      | 4890 ||| Stepping ~*~*~tactically~*~*~ (stealth).
  5082 | D:6      | 5082 ||| UPGRADING to +0 robe of positive energy.
  5092 | D:6      | 5092 ||| DROPPING +0 robe.
  5093 | D:6      | 5093 ||| DROPPING +6 ring of intelligence.
  5094 | D:6      | 5094 ||| READING scroll labelled EKKUGH FUIZOB.
  5095 | D:6      | 5095 ||| READING 2 scrolls of identify.
  5095 | D:6      | 5095 ||| IDENTIFYING golden potion
  5096 | D:6      | 5096 ||| DROPPING potion of ambrosia.
  5097 | D:6      | 5097 ||| READING 2 scrolls of teleportation.
  5114 | D:7      | 5114 ||| PLANNING OSSUARY
  5131 | D:7      | 5131 ||| Stepping ~*~*~tactically~*~*~ (stealth).
  5133 | D:7      | 5133 ||| Stepping ~*~*~tactically~*~*~ (stealth).
  5139 | D:7      | 5139 ||| Stepping ~*~*~tactically~*~*~ (stealth).
  5176 | D:7      | Reached skill level 1 in Throwing
  5214 | D:7      | 5214 ||| Stepping ~*~*~tactically~*~*~ (hiding).
  5233 | D:7      | 5233 ||| Stepping ~*~*~tactically~*~*~ (stealth).
  5255 | D:7      | 5255 ||| Stepping ~*~*~tactically~*~*~ (hiding).
  5357 | D:7      | Reached skill level 12 in Unarmed Combat
  5749 | D:7      | Found a sacrificial altar of Ru.
  5836 | D:7      | 5836 ||| RIP OSSUARY
  5842 | D:7      | 5842 ||| PLANNING D:1-11
  6175 | D:7      | 6175 ||| DROPPING scarf of harm.
  6176 | D:7      | 6176 ||| DRINKING 2 glowing sapphire potions.
  6177 | D:7      | 6177 ||| DRINKING 2 fuming pink potions.
  6178 | D:7      | 6178 ||| DROPPING potion of brilliance.
  6179 | D:7      | 6179 ||| DROPPING potion of degeneration.
  6196 | D:8      | 6196 ||| Stepping ~*~*~tactically~*~*~ (stealth).
  6204 | D:8      | 6204 ||| FLEEEEING.
  6205 | D:8      | 6205 ||| FLEEEEING.
  6266 | D:8      | 6266 ||| Stepping ~*~*~tactically~*~*~ (stealth).
  6272 | D:8      | 6272 ||| Stepping ~*~*~tactically~*~*~ (stealth).
  6273 | D:8      | 6273 ||| Stepping ~*~*~tactically~*~*~ (outnumbered).
  6313 | D:8      | 6313 ||| Stepping ~*~*~tactically~*~*~ (outnumbered).
  6321 | D:8      | Reached skill level 13 in Unarmed Combat
  6384 | D:8      | Found a staircase to the Lair.
  6439 | D:8      | 6439 ||| Stepping ~*~*~tactically~*~*~ (outnumbered).
  6440 | D:8      | 6440 ||| Stepping ~*~*~tactically~*~*~ (outnumbered).
  6441 | D:8      | 6441 ||| Stepping ~*~*~tactically~*~*~ (outnumbered).
  6442 | D:8      | 6442 ||| Stepping ~*~*~tactically~*~*~ (hiding).
  6472 | D:8      | Found Fodghiu's Antique Weapon Shop.
  6554 | D:8      | Noticed a two-headed ogre
  6560 | D:8      | Killed a two-headed ogre
  6561 | D:8      | Reached XP level 10. HP: 86/96 MP: 10/10
  6608 | D:8      | 6608 ||| READING scroll labelled NURAECI VIPS.
  6609 | D:8      | 6609 ||| READING scroll labelled ONETRO SUMI.
  6612 | D:8      | 6612 ||| FLEEEEING.
  6613 | D:8      | 6613 ||| FLEEEEING.
  6614 | D:8      | 6614 ||| FLEEEEING.
  6615 | D:8      | 6615 ||| FLEEEEING.
  6616 | D:8      | 6616 ||| FLEEEEING.
  6649 | D:8      | Found a snail-covered altar of Cheibriados.
  6649 | D:8      | Found a basalt altar of Yredelemnul.
  6745 | D:8      | Noticed a two-headed ogre
  6748 | D:8      | 6748 ||| INVOKING Fiery Armour.
  6752 | D:8      | Killed a two-headed ogre
  6753 | D:8      | Reached skill level 14 in Unarmed Combat
  6762 | D:8      | Noticed Erica
  6769 | D:8      | 6769 ||| Stepping ~*~*~tactically~*~*~ (stealth).
  6771 | D:8      | 6771 ||| Stepping ~*~*~tactically~*~*~ (stealth).
  6779 | D:8      | Killed Erica
  6780 | D:8      | Reached skill level 6 in Fighting
  6794 | D:8      | 6794 ||| FLEEEEING.
  6795 | D:8      | 6795 ||| FLEEEEING.
  6796 | D:8      | 6796 ||| FLEEEEING.
  6797 | D:8      | 6797 ||| FLEEEEING.
  6845 | D:8      | 6845 ||| Stepping ~*~*~tactically~*~*~ (hiding).
  6854 | D:8      | 6854 ||| Stepping ~*~*~tactically~*~*~ (hiding).
  6863 | D:8      | 6863 ||| Stepping ~*~*~tactically~*~*~ (outnumbered).
  7000 | D:8      | 7000 ||| PLANNING LAIR
  7006 | Lair:1   | Entered Level 1 of the Lair of Beasts
  7031 | Lair:1   | 7031 ||| INVOKING Fiery Armour.
  7084 | Lair:1   | Noticed an elephant
  7084 | Lair:1   | Noticed an elephant
  7085 | Lair:1   | Noticed an elephant
  7086 | Lair:1   | Noticed an elephant
  7089 | Lair:1   | 7089 ||| Stepping ~*~*~tactically~*~*~ (outnumbered).
  7090 | Lair:1   | 7090 ||| Stepping ~*~*~tactically~*~*~ (outnumbered).
  7095 | Lair:1   | 7095 ||| Stepping ~*~*~tactically~*~*~ (outnumbered).
  7096 | Lair:1   | 7096 ||| Stepping ~*~*~tactically~*~*~ (outnumbered).
  7097 | Lair:1   | Killed an elephant
  7098 | Lair:1   | Reached skill level 15 in Unarmed Combat
  7103 | Lair:1   | Killed an elephant
  7107 | Lair:1   | 7107 ||| Stepping ~*~*~tactically~*~*~ (outnumbered).
  7108 | Lair:1   | Killed an elephant
  7109 | Lair:1   | Reached XP level 11. HP: 70/105 MP: 11/11
  7140 | Lair:1   | 7140 ||| Stepping ~*~*~tactically~*~*~ (stealth).
  7249 | Lair:1   | 7249 ||| Stepping ~*~*~tactically~*~*~ (hiding).
  7510 | Lair:1   | Reached skill level 16 in Unarmed Combat
  7565 | Lair:1   | 7565 ||| Stepping ~*~*~tactically~*~*~ (outnumbered).
  7570 | Lair:1   | 7570 ||| INVOKING Fiery Armour.
  7571 | Lair:1   | HP: 12/106 [cane toad (21)]
  7572 | Lair:1   | 7572 ||| READING 2 scrolls of teleportation.
  7573 | Lair:1   | 7573 ||| DRINKING 2 potions of heal wounds.
  7574 | Lair:1   | 7574 ||| DRINKING potion of heal wounds.
  7576 | Lair:1   | HP: 22/106 [poisoned by a cane toad]
  7581 | Lair:1   | HP: 17/107 [poisoned by a cane toad]
  7586 | Lair:1   | HP: 20/107 [poisoned by a cane toad]
  7888 | Lair:1   | 7888 ||| UPGRADING to scarf of repulsion.
  7893 | Lair:1   | 7893 ||| READING scroll labelled RONGET JEYSS.
  7968 | Lair:2   | Noticed an oklob plant
  7969 | Lair:2   | 7969 ||| INVOKING Fiery Armour.
  7970 | Lair:2   | 7970 ||| FLEEEEING.
  7981 | Lair:2   | 7981 ||| FLEEEEING.
  7994 | Lair:2   | 7994 ||| Stepping ~*~*~tactically~*~*~ (stealth).
  8055 | Lair:2   | 8055 ||| FLEEEEING.
  8056 | Lair:2   | 8056 ||| FLEEEEING.
  8110 | Lair:2   | 8110 ||| FLEEEEING.
  8229 | Lair:2   | 8229 ||| INVOKING Fiery Armour.
  8242 | Lair:2   | HP: 24/109 [oklob plant/splash of acid (26)]
  8243 | Lair:2   | 8243 ||| READING scroll of teleportation.
  8243 | Lair:2   | HP: 1/109 [oklob plant/splash of acid (24)]
  8244 | Lair:2   | 8244 ||| DRINKING 2 potions of heal wounds.
  8300 | Lair:2   | Noticed a six-headed hydra
  8301 | Lair:2   | 8301 ||| Stepping ~*~*~tactically~*~*~ (stealth).
  8308 | Lair:2   | Killed a seven-headed hydra
  8371 | Lair:2   | Found a staircase to the Swamp.
  8405 | Lair:2   | 8405 ||| Stepping ~*~*~tactically~*~*~ (stealth).
  8406 | Lair:2   | 8406 ||| INVOKING Fiery Armour.
  8409 | Lair:2   | 8409 ||| Stepping ~*~*~tactically~*~*~ (outnumbered).
  8502 | Lair:2   | 8502 ||| PLANNING TEMPLE
  8502 | Lair:2   | 8502 ||| READING scroll labelled PIUCREDWAI.
  8503 | Lair:2   | 8503 ||| DRINKING 2 smoky inky potions.
  8522 | Lair:2   | 8522 ||| READING 2 scrolls of identify.
  8522 | Lair:2   | 8522 ||| IDENTIFYING metallic silvery potion
  8523 | Lair:2   | 8523 ||| DROPPING potion of berserk rage.
  8524 | Lair:2   | 8524 ||| DROPPING potion of lignification.
  8644 | Lair:2   | 8644 ||| DRINKING 2 potions of cancellation.
  8645 | Lair:2   | HP: 14/109 [oklob plant/splash of acid (35)]
  8646 | Lair:2   | 8646 ||| DRINKING potion of heal wounds.
  8662 | Lair:2   | HP: 13/109 [oklob plant/splash of acid (40)]
  8669 | Lair:2   | HP: 1/109 [oklob plant/splash of acid (25)]
  8676 | Lair:2   | Killed from afar by an oklob plant

Levels and vault maps discovered:
D:1:      dpeg_arrival_leaves_temple_mockup, layout_loops_cross,
          minmay_misc_feat_rugged, minmay_pentomino_v2
D:2:      layout_rooms, uniq_crazy_yiuf_cottage
D:3:      layout_basic, hellmonk_ecumenical_altar_dog_temple
D:4:      layout_loops_ring, minmay_temple_entry_enclosed_plants,
          ebering_ghost_rock_garden
D:5:      nicolae_cairo_tiling_very_big, layout_basic,
          hangedman_abyss_or_decor_stagger, minmay_fractal_squares_gapless_5,
          uniq_edmund, uniq_menkaure, uniq_eustachio
D:6:      layout_loops_corners, nicolae_qazlal_scattered_showers,
          nicolae_tso_carved_into_rock, kennysheep_vampire_church,
          gammafunk_ghost_arena, nicolae_good_shop
D:7:      layout_layer_cave, nicolae_ru_sacrificial_ziggurat,
          nicolae_ossuary_entry_giza
D:8:      minmay_s_stair_smasher, layout_cave_pools,
          gammafunk_temple_overflow_statue, lair_entry_dummy, serial_rivers,
          chequers_serial_rivers_micro_c, chequers_serial_rivers_micro_d,
          chequers_serial_rivers_room_b, chequers_serial_rivers_small_a,
          chequers_serial_rivers_micro_b, chequers_serial_rivers_micro_e,
          serial_shops, shop, due_unseen_surprise, uniq_erica
Lair:1:   layout_loops_ring, beast_lair_carwin_3
Lair:2:   layout_loops_ring, swamp_mist, minmay_lair_oklob_bushes

Skill      XL: |  1  2  3  4  5  6  7  8  9 10 11 |
---------------+----------------------------------+-----
Unarmed Combat | 4 5 6 8 9 11 13 15 16 | 16.8
Fighting       | 3 4 5 6 7 |  7.1
Dodging        | 1 2 |  2.0
Throwing       | 1 2 |  2.3
Spellcasting   | |  1.0
Fire Magic     | |  2.1

Action                   |  1- 3 |  4- 6 |  7- 9 | 10-12 || total
-------------------------+-------+-------+-------+-------++-------
Melee: Unarmed           |   108 |    95 |   279 |   186 ||   668
       Punch             |     2 |     3 |    18 |    14 ||    37
Throw: Boomerang         |    32 |    35 |    58 |    33 ||   158
Invok: Fiery Armour      |     1 |     2 |     3 |     6 ||    12
  Use: Scroll            |     2 |     7 |     5 |     7 ||    21
       Potion            |       |     1 |     5 |     6 ||    12
Armor: Robe              |    44 |    28 |    63 |    46 ||   181
Dodge: Dodged            |    41 |    30 |   107 |    45 ||   223
       Repelled          |       |       |       |     9 ||     9

Table legend:
 A = Non-vault XP
 B = Vault XP
 C = Vault XP percentage of total XP
 D = Non-vault monster count
 E = Vault monster count
 F = Vault count percentage of total count
                 A         B        C        D         E       F
            +---------+---------+-------+---------+---------+-------
      Total |   14568 |    4515 |  23.7 |     206 |      43 |  17.3
            +---------+---------+-------+---------+---------+-------
        D:1 |      67 |       3 |   4.3 |      37 |       2 |   5.1
        D:2 |      86 |       0 |   0.0 |      23 |       0 |   0.0
        D:3 |     192 |       4 |   2.0 |      19 |       2 |   9.5
        D:4 |     488 |       0 |   0.0 |      15 |       0 |   0.0
        D:5 |     503 |     601 |  54.4 |      14 |       6 |  30.0
        D:6 |     942 |     169 |  15.2 |      21 |       8 |  27.6
        D:7 |    1148 |      20 |   1.7 |      21 |       3 |  12.5
        D:8 |    1736 |    3163 |  64.6 |      26 |      19 |  42.2
     Lair:1 |    5710 |     555 |   8.9 |      20 |       3 |  13.0
     Lair:2 |    3696 |       0 |   0.0 |      10 |       0 |   0.0
            +---------+---------+-------+---------+---------+-------
